 Dungeon Crawl Stone Soup version 0.20-a0-830-g2c9a30d (webtiles) character file.

14 4thArraOfDagon the Charlatan (level 2, 0/23 HPs)
             Began as a Demonspawn Artificer on Mar 6, 2017.
             Succumbed to a worker ant's poison
             ... on level 6 of the Dungeon.
             The game lasted 00:02:06 (373 turns).

4thArraOfDagon the Charlatan (Demonspawn Artificer)  Turns: 373, Time: 00:02:07

Health: 0/23       AC:  3    Str: 12    XL:     2   Next: 31%
Magic:  4/4        EV: 12    Int: 12    God:
Gold:   64         SH:  0    Dex: 13    Spells: 1/1 levels left

rFire    . . .     SeeInvis .   i - +0 trident
rCold    . . .     Gourm    .   b - +0 leather armour
rNeg     . . .     Faith    .   (no shield)
rPois    .         Spirit   .   (helmet restricted)
rElec    .         Reflect  .   (no cloak)
rCorr    .         Harm     .   (no gloves)
MR       .....                  (no boots)
Stlth    +.........             (no amulet)
Regen    0.1/turn               (no ring)
MPRegen  0.1/turn               (no ring)

@: lethally poisoned (0 -> -6)
A: antennae 1, mutation resistance 1
a: no special abilities


You were on level 6 of the Dungeon.
You were not hungry.

You visited 1 branch of the dungeon, and saw 6 of its levels.

You collected 64 gold pieces.

Inventory:

Hand Weapons
 a - a +0 short sword
 i - a +0 trident (weapon)
Armour
 b - a +0 leather armour (worn)
Wands
 c - a wand of flame (11/48)
 d - a wand of enslavement (13/24)
 e - a wand of random effects (8/48)
Scrolls
 g - a scroll of identify {unknown}
 j - a scroll of enchant armour {unknown}
Comestibles
 f - a bread ration
 h - a royal jelly


   Skills:
 + Level 2.3 Fighting
 - Level 0.8 Short Blades
 * Level 0.1 Polearms
 - Level 1.7 Dodging
 - Level 0.8 Stealth
 - Level 3.0 Evocations


You had one spell level left.
You didn't know any spells.

Dungeon Overview and Level Annotations

Branches:
Dungeon (7/15)
 Temple: D:4-7

Altars:

Annotations:
D:6 4thArraOfDagon's ghost, amateur DsAr


Innate Abilities, Weirdness & Mutations

You have a pair of small antennae on your head.
You are somewhat resistant to further mutation.


Message History

The worker ant poisons you!
You climb upwards.
Level annotation: 4thArraOfDagon's ghost, amateur DsAr A worker ant comes into view.
You feel sick.
Found 14 stones.
Found a stone staircase leading down.
There is a stone staircase leading down here.
Unknown command.
* * * LOW HITPOINT WARNING * * *
You feel sick. The hound barely misses you. The worker ant bites you.
* * * LOW HITPOINT WARNING * * *
Unknown command.
Unknown command.
The hound pauses to sniff the ground.
The hound completely misses you.
Found a dagger.
Found a stone staircase leading up.
Unknown command.
It was a potion of mutation.
You feel extremely strange.
You feel genetically stable.
You die...

#### #####
##..##....##
#.(........#
#.... .....#
#...# .....#
#..>##.....#
#..ah@.....#
##.a##.....#
#..# .....#
..... .<..>+
.....#
.)..##
#..##..#
##### #..
#+## #..# ..
#..## ##.
+...#....


You could see a hound and 2 worker ants.

Vanquished Creatures
  An orc (D:4)
  2 giant cockroaches (D:3)
  A hobgoblin (D:1)
  3 kobolds
  2 bats (D:1)
  2 rats
11 creatures vanquished.

Vanquished Creatures (collateral kills)
  An orc (D:7)
1 creature vanquished.

Vanquished Creatures (others)
  A worker ant (D:7)
1 creature vanquished.

Grand Total: 13 creatures vanquished

Notes
Turn   | Place    | Note
-------+----------+-------------------------------------------
     0 | D:1      | 4thArraOfDagon the Demonspawn Artificer began the quest for the Orb.
     0 | D:1      | Reached XP level 1. HP: 15/15 MP: 3/3
   200 | D:3      | Gained mutation: You have a pair of small antennae on your head. [demonic ancestry]
   200 | D:3      | Reached XP level 2. HP: 7/22 MP: 4/4
   301 | D:4      | Noticed a scorpion
   328 | D:3      | You fall through a shaft for 3 floors!
   335 | D:6      | Noticed 4thArraOfDagon's ghost (amateur DsAr)
   342 | D:7      | Noticed a hungry ghost
   365 | D:7      | Noticed a scorpion
   371 | D:6      | HP: 1/23 [worker ant (5)]
   373 | D:6      | Gained mutation: You are somewhat resistant to further mutation. [potion of mutation]
   373 | D:6      | Succumbed to a worker ant's poison

Vault maps used:
D:1:      lightli_arrival_chessboard, hangedman_decor_peaks_small,
          minmay_liquid_box
D:2:      grunt_temple_overflow_open, uniq_sigmund
D:3:      first_bread
D:4:      serial_shops, nicolae_shop_window_shopping, uniq_robin, uniq_eustachio
D:6:      slow_altar_2, overflow_temple_1_default, minmay_ruined_shrine
D:7:      elyvilon_altar_4, gammafunk_temple_overflow_pools, the_bakery

Skill      XL: |  1 |
---------------+----+-----
Fighting       | 2 |  2.3
Short Blades   | |  0.8
Polearms       | |  0.1
Dodging        | |  1.7
Stealth        | |  0.8
Evocations     | |  3.0

Action                   || total
-------------------------++-------
Melee: Short sword       ||    33
Evoke: Wand              ||    13
  Use: Potion            ||     1
Armor: Leather armour    ||    11
Dodge: Dodged            ||    31
